 Dungeon Crawl Stone Soup version 0.30-a0-305-g026cb31310 (webtiles) character file.

Game seed: 13394079370377248914

9 hikkokomori the Gusty (level 2, -1/15 HPs)
             Began as a Tengu Air Elementalist on Oct 21, 2022.
             Slain by a hobgoblin (4 damage)
             ... on level 1 of the Dungeon.
             The game lasted 00:01:56 (202 turns).

hikkokomori the Gusty (Tengu Air Elementalist)       Turns: 202, Time: 00:01:57

Health: -1/15      AC:  2    Str:  8    XL:     2   Next: 16%
Magic:  2/6        EV: 12    Int: 15    God:
Gold:   45         SH:  0    Dex: 14    Spells: 4/5 levels left

rFire   . . .      SeeInvis .    c - +0 whip
rCold   . . .      Faith    .    (no shield)
rNeg    . . .      Spirit   .    a - +0 robe
rPois   .          Reflect  .    (helmet restricted)
rElec   .          Harm     .    (no cloak)
rCorr   .          Rampage  .    (no gloves)
Will    .....                    (boots unavailable)
Stlth   ++........               (no amulet)
HPRegen 0.22/turn                (no ring)
MPRegen 0.10/turn                (no ring)

@: unable to read
A: beak, talons 3, inability to read after injury 1
a: no special abilities


You were on level 1 of the Dungeon.
You visited 1 branch of the dungeon, and saw 1 of its levels.

You collected 45 gold pieces.

Inventory:

Hand Weapons
 c - a +0 whip (weapon)
Armour
 a - a +0 robe (worn)
Scrolls
 f - a scroll of noise {unknown}
Potions
 b - a potion of magic
 e - a potion of degeneration {unknown}


   Skills:
 + Level 2.5 Dodging
 - Level 2.0 Stealth
 - Level 2.0 Spellcasting
 + Level 2.0 Conjurations
 + Level 4.3 Air Magic


You had 4 spell levels left.
You knew the following spells:

 Your Spells              Type           Power      Damage    Failure   Level
a - Shock                 Conj/Air       44%        1d5       6%          1

Your spell library contained the following spells:

 Spells                   Type           Power      Damage    Failure   Level
 Static Discharge         Conj/Air       22%        2-3/arc   9%          2
 Swiftness                Air            14%        N/A       12%         3
 Vhi's Electric Charge    Tloc/Air       14%        N/A       28%         3
 Kindle Blastsparks       Fire/Tloc/Air  10%        2d10      36%         3
 Airstrike                Air            7%         2d(1-17)  36%         4
 Fulminant Prism          Conj/Hex       2%         3d6       82%         4
 Iskenderun's Mystic Bla  Conj/Tloc      4%         2d3       82%         4
 Arcjolt                  Conj/Air       5%         1d15      86%         5
 Lee's Rapid Deconstruct  Erth           0%         3d4*      99%         5
 Maxwell's Capacitive Co  Air            7%         ∞         100%        8


Dungeon Overview and Level Annotations

Branches:
Dungeon (1/15)

Altars:


Innate Abilities, Weirdness & Mutations

You have a beak for a mouth.
You have claws for feet.
You occasionally lose the ability to read scrolls when taking damage.


Message History

You kill the frilled lizard!
The giant cockroach waves its antennae.
The hobgoblin hits you.
Unknown command.
You hit the hobgoblin.
You claw the hobgoblin, but do no damage.
The hobgoblin is lightly wounded.
The giant cockroach waves its antennae.
The hobgoblin barely misses you.
You hit the hobgoblin but do no damage. Your kick misses the hobgoblin.
The hobgoblin is lightly wounded.
The hobgoblin hits you.
Casting: Shock (safe; 6% risk of failure)
Confirm with . or Enter, or press ? or * to list all spells.
Aiming: Shock (safe; 6% risk of failure)
Press: ? - help, Shift-Dir - straight line The zap misses the hobgoblin.
The zap hits the giant cockroach.
The giant cockroach is severely wounded.
A goblin comes into view. It is wielding a +0 club.
The hobgoblin hits you.
* * * LOW HITPOINT WARNING * * *
Press: ? - help, v - describe, . - travel
Here: a hobgoblin (lightly wounded)
The floor.
It was a potion of mutation.
You feel extremely strange.
You occasionally lose the ability to read scrolls when taking damage.
The hobgoblin hits you.
* * * LOW HITPOINT WARNING * * *
Casting: Shock (safe; 6% risk of failure)
Confirm with . or Enter, or press ? or * to list all spells.
Aiming: Shock (safe; 6% risk of failure)
Press: ? - help, Shift-Dir - straight line The zap hits the hobgoblin.
The hobgoblin is moderately wounded.
The zap hits the giant cockroach.
You kill the giant cockroach!
A quokka comes into view.
The hobgoblin hits you.
You feel threatened and lose the ability to read scrolls!
You die...

##################
#)................
#.###############.
#.# #. #.# #.
#####.#### #.
#>.......# #.
#.#.#.##.# #.
#..@# # #.
####+###g# #.
........S# ######
.....†.........
......
........†......
......
.....[...#.#...
......
.?.......#.# ##
#####+
........r#.# #....
.........# # #....


You could see a quokka (wandering), a hobgoblin and a ball python.

Vanquished Creatures
  An endoplasm (D:1)
  A giant cockroach (D:1)
  A goblin (D:1)
  2 jackals (D:1)
  A kobold (D:1)
  A quokka (D:1)
  2 frilled lizards (D:1)
9 creatures vanquished.

Notes
Turn   | Place    | Note
-------+----------+-------------------------------------------
     0 | D:1      | hikkokomori the Tengu Air Elementalist began the quest for
                  | the Orb.
     0 | D:1      | Reached XP level 1. HP: 10/10 MP: 4/4
   160 | D:1      | Reached XP level 2. HP: 8/15 MP: 6/6
   201 | D:1      | Gained mutation: You occasionally lose the ability to read
                  | scrolls when taking damage. [potion of mutation]
   202 | D:1      | Slain by a hobgoblin

Illustrated notes

Levels and vault maps discovered:
D:1:      mrwooster_arrival_statue, layout_basic

Skill      XL: |  1 |
---------------+----+-----
Conjurations   | 2 |  2.0
Dodging        | |  2.5
Stealth        | |  2.0
Spellcasting   | |  2.0
Air Magic      | |  4.3

Action                   || total
-------------------------++-------
Melee: Whip              ||     8
       Kick              ||     3
       Unarmed           ||     2
       Peck              ||     2
 Cast: Shock             ||     9
  Use: Potion            ||     1
Armor: Robe              ||     2
Dodge: Dodged            ||     5

Table legend: (Time is in decaauts)
 A = Elapsed time spent in this place.
 B = Non-inter-level travel time spent in this place.
 C = Inter-level travel time spent in this place.
 D = Time resting spent in this place.
 E = Time spent auto-exploring this place.
 F = Levels seen in this place.
 G = Mean time per level.
                   A        B        C        D        E       F      G
               +--------+--------+--------+--------+--------+-----+--------+
         Total |    202 |    194 |      8 |      0 |    131 |   1 |  202.0 |
       Dungeon |    202 |    194 |      8 |      0 |    131 |   1 |  202.0 |
               +--------+--------+--------+--------+--------+-----+--------+

Top non-repeatable levels by time:
     D:1: 202 daAuts
